 Dungeon Sprint DCSS version 0.19-a0-1886-gd64a0f0 (webtiles) character file.

1516 poirepourri the Earth Mage (level 8, -3/42 HPs)
             Began as a Gargoyle Earth Elementalist on Oct 15, 2016.
             Was a Follower of Vehumet.
             Shot with an arrow by a centaur warrior (5 damage)
             ... in the Dungeon (Sprint I: "Red Sonja").
             The game lasted 00:02:10 (735 turns).

poirepourri the Earth Mage (GrEE)                    Turns: 735, Time: 00:02:10

Health: -3/42      AC:  9    Str: 14    XL:     8   Next: 83%
Magic:  22/24      EV: 12    Int: 19    God:    Vehumet [*.....]
Gold:   226        SH:  0    Dex: 10    Spells: 6 memorised, 16 levels left

rFire  . . .     SeeInvis .     (no weapon)
rCold  . . .     Gourm    .     (no armour)
rNeg   + . .     Faith    .     (no shield)
rPois  ∞         Spirit   .     (no helmet)
rElec  +         Dismiss  .     l - +2 cloak {+Inv}
rCorr  .         Reflect  .     m - +0 pair of gloves {Str+3}
MR     .....     Harm     .     (no boots)
Stlth  ++........ NoTele   +    (no amulet)
                                (no ring)
                                a - ring of wizardry

@: very slightly contaminated
A: negative energy resistance 1, electricity resistance, unbreathing,
petrification resistance, rot immunity, AC +5
a: Renounce Religion, Evoke Invisibility


You were in the Dungeon.
You worshipped Vehumet.
Vehumet was aware of your devotion.
You were not hungry.

You visited 1 branch You collected 556 gold pieces.
You spent 330 gold pieces at shops.

Inventory:

Armour
 l - a +2 cloak of invisibility (worn)
 m - a +0 pair of gloves of strength (worn)
Jewellery
 a - a ring of wizardry (left hand)
Potions
 e - a potion of curing
 g - a potion of haste
 h - 2 potions of magic
 i - a potion of berserk rage
Books
 k - a book of Geomancy

   Spells                             Type                      Level
   a - Sandblast                      Earth                        1
   b - Passwall                       Transmutation/Earth          2
   c - Stone Arrow                    Conjuration/Earth            3
   d - Petrify                        Transmutation/Earth          4
   e - Lee's Rapid Deconstruction     Earth                        5
Comestibles
 d - a bread ration


   Skills:
 + Level 0.4 Fighting
 - Level 1.5 Dodging
 - Level 2.1 Stealth
 * Level 12.7 Spellcasting
 + Level 0.2 Conjurations
 + Level 0.7 Transmutations
 + Level 15.1 Earth Magic


You had 16 spell levels left.
You knew the following spells:

 Your Spells              Type           Power        Failure   Level  Hunger
a - Sandblast             Erth           ######       0%          1    None
b - Passwall              Tmut/Erth      #####.....   1%          2    None
c - Stone Arrow           Conj/Erth      #####.       1%          3    None
d - Petrify               Tmut/Erth      #####...     1%          4    #......
e - Lee's Rapid Deconstr  Erth           ######....   1%          5    ####...
f - Flame Tongue          Conj/Fire      ##...        3%          1    None


Dungeon Overview and Level Annotations

Branches:
Dungeon (1/1)

Altars:
Cheibriados
Dithmenos
Elyvilon
Fedhas
Gozag
Hepliaklqana
Kikubaaqudgha
Nemelex Xobeh
Okawaru
Qazlal
Ru
Sif Muna
Trog
Uskayaw
Vehumet
Yredelemnul
Zin
The Shining One

Shops:
D ([


Innate Abilities, Weirdness & Mutations

You are resistant to torment.
Your stone body is resilient. (AC +5)
You are immune to poison.
You resist negative energy. (rN+)
You are resistant to electric shocks. (rElec)
You can survive without breathing.
You are immune to petrification.
You are immune to rotting.


Message History

Aiming: Sandblast
Press: ? - help, Shift-Dir - straight line, f/p - centaur warrior
Aim: a centaur warrior, wielding an enchanted shortbow (purple smoke, heavily wounded)
The blast of sand hits the centaur warrior.
The centaur warrior is heavily wounded.
The centaur warrior shoots an arrow.
The arrow hits you!
The centaur warrior shoots an arrow.
The arrow hits you!
* * * LOW HITPOINT WARNING * * *
You feel much better.
The centaur warrior shoots an arrow.
The arrow hits you!!
Ouch! That really hurt!
* * * LOW HITPOINT WARNING * * *
The centaur warrior shoots an arrow.
The arrow misses you.
The centaur warrior shoots an arrow.
The arrow hits you.
* * * LOW HITPOINT WARNING * * *
As you read the scroll labeled BENU REREA, it crumbles to dust.
It is a scroll of recharging.
You aren't carrying any rechargeable items.
The centaur warrior shoots an arrow.
The arrow barely misses you.
The centaur warrior shoots an arrow.
The arrow hits you.
You die...

).#####'#####'# ###
..####..#...#.####§§#
..#__####..##.#§≈§§§#
..#_____##'#..+≈≈§§.+
⌠⌠#_.∩...÷.(._#§§§§
###_..__##_(#'##§###
#_____###'#.#§cc)###
#########.####§###.##
+.).'..@§.'.∩#
#..[########## ##.##
#+#


You could see 2 centaur warriors.

Vanquished Creatures
  Sonja (D)
  A deep troll (D)
  Sigmund (D)
  A yak (D)
  An ogre (D)
  A jelly (D)
  Ijyb (D)
7 creatures vanquished.

Vanquished Creatures (others)
  A gargoyle (D)
1 creature vanquished.

Grand Total: 8 creatures vanquished

Notes
Turn   | Place    | Note
-------+----------+-------------------------------------------
     0 | D        | poirepourri the Gargoyle Earth Elementalist began the quest for the Orb.
     0 | D        | Reached XP level 1. HP: 10/10 MP: 3/3
     3 | D        | Noticed Ijyb
     6 | D        | Killed Ijyb
     6 | D        | Reached skill level 6 in Earth Magic
     6 | D        | Reached XP level 2. HP: 15/15 MP: 0/6
     6 | D        | Reached XP level 3. HP: 19/19 MP: 0/8
   132 | D        | Noticed an ogre
   137 | D        | Killed an ogre
   137 | D        | Reached skill level 8 in Earth Magic
   137 | D        | Reached XP level 4. HP: 24/24 MP: 4/12
   199 | D        | Learned a level 2 spell: Passwall
   203 | D        | Learned a level 3 spell: Stone Arrow
   208 | D        | Learned a level 4 spell: Petrify
   223 | D        | Noticed Sigmund
   224 | D        | Killed a gargoyle
   226 | D        | Killed Sigmund
   226 | D        | Reached skill level 11 in Earth Magic
   226 | D        | Reached XP level 5. HP: 28/28 MP: 5/15
   226 | D        | Reached XP level 6. HP: 32/32 MP: 5/17
   316 | D        | Found a deep blue altar of Sif Muna.
   318 | D        | Found a radiant altar of Vehumet.
   338 | D        | Found Fouwk's Antique Weapon Emporium.
   338 | D        | Found an ancient bone altar of Kikubaaqudgha.
   338 | D        | Found a stormy altar of Qazlal.
   338 | D        | Found a blossoming altar of Fedhas.
   338 | D        | Found a bloodstained altar of Trog.
   338 | D        | Found an iron altar of Okawaru.
   338 | D        | Found a glowing golden altar of the Shining One.
   338 | D        | Found a glowing silver altar of Zin.
   338 | D        | Found a white marble altar of Elyvilon.
   338 | D        | Noticed a yak
   340 | D        | Became a worshipper of Vehumet
   358 | D        | Found a hazy altar of Hepliaklqana.
   358 | D        | Found a hide-covered altar of Uskayaw.
   358 | D        | Found a basalt altar of Yredelemnul.
   358 | D        | Found a snail-covered altar of Cheibriados.
   358 | D        | Found a sacrificial altar of Ru.
   358 | D        | Found a shadowy altar of Dithmenos.
   361 | D        | Killed a yak
   361 | D        | Reached skill level 12 in Earth Magic
   361 | D        | Reached XP level 7. HP: 36/36 MP: 13/20
   362 | D        | Found an opulent altar of Gozag.
   363 | D        | Found a sparkling altar of Nemelex Xobeh.
   519 | D        | Noticed Sonja
   524 | D        | Killed Sonja
   524 | D        | Reached skill level 14 in Earth Magic
   524 | D        | Reached XP level 8. HP: 41/41 MP: 11/23
   614 | D        | Noticed a deep troll
   618 | D        | Killed a deep troll
   618 | D        | Reached * piety under Vehumet
   618 | D        | Offered knowledge of Flame Tongue by Vehumet.
   618 | D        | Reached skill level 15 in Earth Magic
   626 | D        | Learned a level 5 spell: Lee's Rapid Deconstruction
   628 | D        | Learned a level 1 spell: Flame Tongue
   638 | D        | Found Hutuh's Armour Emporium.
   655 | D        | Bought a +2 cloak of invisibility for 215 gold pieces
   655 | D        | Bought a +0 pair of gloves of strength for 115 gold pieces
   728 | D        | Noticed a centaur warrior
   729 | D        | Noticed a centaur warrior
   733 | D        | HP: 2/42 [centaur warrior/arrow (15)]
   735 | D        | Shot with an arrow by a centaur warrior

Vault maps used:
D:        dungeon_sprint_1

Skill      XL: |  1  2  3  4  5  6  7  8 |
---------------+-------------------------+-----
Spellcasting   | 3 6 8 9 11 12 | 12.7
Earth Magic    | 6 8 11 12 14 15 | 15.1
Fighting       | |  0.4
Dodging        | |  1.5
Stealth        | |  2.1
Conjurations   | |  0.2
Transmutations | |  0.7

Action                   |  1- 3 |  4- 6 |  7- 9 || total
-------------------------+-------+-------+-------++-------
 Cast: Sandblast         |     6 |     5 |    10 ||    21
       Stone Arrow       |       |     2 |     3 ||     5
  Use: Scroll            |       |       |     3 ||     3
       Potion            |       |       |     2 ||     2
Armor: Robe              |       |     2 |     2 ||     4
Dodge: Dodged            |     3 |       |     7 ||    10
